 Dungeon Crawl Stone Soup version 0.24-a0-184-gcb5ae2c (webtiles) character file.

Game seed: 4880762348015701424

12155 Dfrag the Destroyer (level 11, -8/68 HPs)
             Began as a Demonspawn Fire Elementalist on Mar 16, 2019.
             Was an Elder of Makhleb.
             Killed from afar by Nergalle (31 damage)
             ... with a bolt of negative energy
             ... on level 10 of the Dungeon.
             The game lasted 00:20:18 (9467 turns).

Dfrag the Destroyer (Demonspawn Fire Elementalist)  Turns: 9467, Time: 00:20:19

Health: -8/68      AC:  9    Str:  9    XL:     11   Next: 58%
Magic:  3/25       EV: 16    Int: 25    God:    Makhleb [****..]
Gold:   834        SH:  0    Dex: 23    Spells: 17/30 levels left

rFire    . . .     SeeInvis .   R - +3 great sword (curse)
rCold    . . .     Gourm    .   (shield currently unavailable)
rNeg     . . .     Faith    .   q - +2 leather armour {rPois}
rPois    +         Spirit   .   (helmet restricted)
rElec    .         Reflect  .   C - +1 cloak {+Inv}
rCorr    .         Harm     .   (no gloves)
MR       .....                  (no boots)
Stlth    +++.......             (no amulet)
HPRegen  0.21/turn              o - +4 ring of dexterity
MPRegen  0.19/turn              l - +6 ring of intelligence

@: agile, heavily drained
A: antennae 2, iridescent scales 1, powered by death 1, powered by pain 3
a: Minor Destruction, Lesser Servant of Makhleb, Major Destruction, Renounce
Religion, Evoke Invisibility


You were on level 10 of the Dungeon.
You worshipped Makhleb.
Makhleb was greatly pleased with you.
You were not hungry.

You visited 1 branch of the dungeon, and saw 10 of its levels.

You collected 834 gold pieces.

Inventory:

Hand Weapons
 a - the +4 flail of Taedeemu {vamp, +Fly rPois MP+9, unknown}
   (You found it on level 9 of the Dungeon)

   It inflicts no extra harm, but heals its wielder when it wounds a living foe.
   It protects you from poison.
   It affects your magic capacity (+9).
   It lets you fly.
 R - a cursed +3 great sword (weapon)
Armour
 q - a +2 leather armour of poison resistance (worn)
 C - a +1 cloak of invisibility (worn)
 L - +0 steam dragon scales
 N - a +0 troll leather armour
 P - the +2 ratskin cloak {+Rats rPois rN+ Str-1 Int-1 Dex+1}
   (You found it on level 9 of the Dungeon)

   It affects your strength (-1).
   It affects your intelligence (-1).
   It affects your dexterity (+1).
   It protects you from poison.
   It protects you from negative energy.
Magical Staves
 p - an uncursed staff of fire
 Q - an uncursed staff of power
Jewellery
 j - an uncursed ring of see invisible
 l - a +6 ring of intelligence (right hand)
 o - a +4 ring of dexterity (left hand)
 S - a +3 ring of intelligence
Wands
 i - a wand of paralysis (5)
 v - a wand of clouds (7)
 y - a wand of disintegration (13)
 H - a wand of random effects (22)
 O - a wand of polymorph (8)
Scrolls
 d - 4 scrolls of teleportation
 g - 6 scrolls of remove curse
 h - 2 scrolls of immolation {unknown}
 m - 4 scrolls of magic mapping {unknown}
 n - 3 scrolls of fog {unknown}
 r - a scroll of amnesia {unknown}
 t - a scroll of fear {unknown}
 w - 3 scrolls of enchant weapon {unknown}
 x - 6 scrolls of enchant armour {unknown}
 A - a scroll of holy word {unknown}
 E - a scroll of blinking {unknown}
 K - a scroll of random uselessness {unknown}
Potions
 b - 2 potions of heal wounds
 e - 2 potions of brilliance
 f - a potion of berserk rage {unknown}
 k - 5 potions of lignification
 s - a potion of flight {unknown}
 u - 3 potions of curing
 z - 2 potions of might {unknown}
 B - a potion of magic {unknown}
 D - a potion of haste {unknown}
 F - 4 potions of mutation {unknown}
 G - a potion of agility {unknown}
 I - a potion of experience {unknown}
 J - 2 potions of cancellation {unknown}
Comestibles
 c - 21 rations
 M - a chunk of flesh


   Skills:
 - Level 1.7(0.5) Dodging
 - Level 1.7(0.5) Stealth
 + Level 10.1(8.6) Spellcasting
 + Level 10.8(9.2) Conjurations
 + Level 10.3(8.7) Fire Magic


You had 17 spell levels left.
You knew the following spells:

 Your Spells              Type           Power        Failure   Level  Hunger
a - Flame Tongue          Conj/Fire      #####        1%          1    None
b - Conjure Flame         Conj/Fire      ######..     1%          3    None
c - Sticky Flame          Conj/Fire      ######..     1%          4    ##.....
d - Fireball              Conj/Fire      ######....   5%          5    ####...

Your spell library contained the following spells:

 Spells                   Type           Power        Failure   Level  Hunger
 Magic Dart               Conj           ####         1%          1    None
 Throw Flame              Conj/Fire      ######       1%          2    None
 Inner Flame              Hex/Fire       ####....     4%          3    None
 Mephitic Cloud           Conj/Pois/Air  ####....     7%          3    None
 Beastly Appendage        Tmut           ##....       9%          1    None
 Blink                    Tloc           N/A          12%         2    None
 Call Imp                 Summ           ##......     12%         2    None
 Slow                     Hex            ##......     12%         2    None
 Sticks to Snakes         Tmut           ##......     12%         2    None
 Spider Form              Tmut/Pois      ##........   24%         3    None
 Ice Form                 Ice/Tmut       ##......     63%         4    ##.....
 Blade Hands              Tmut           ##........   92%         5    ####...


Dungeon Overview and Level Annotations

Branches:
Dungeon (10/15)            Temple (0/1) D:5            Lair (0/6) D:8
    Orc: D:9-12

Altars:
Ashenzari
Dithmenos
Elyvilon
Fedhas
Gozag
Hepliaklqana
Kikubaaqudgha
Makhleb
Nemelex Xobeh
Okawaru
Qazlal
Uskayaw
Vehumet
Xom
Zin

Annotations:
D:7 3 runed translucent doors, blexxed's ghost, novice DsFi
D:10 Nergalle


Innate Abilities, Weirdness & Mutations

You have a pair of antennae on your head.
You are partially covered in iridescent scales. (AC +2)
You regenerate a little health from kills.
You are powered by pain.


Message History

You slash the spectral orc!
You destroy the spectral orc!
The spectral orc knight hits you with a +0 war axe.
Nergalle hits you but does no damage.
The spectral orc knight hits you but does no damage.
You barely miss Nergalle.
Nergalle is severely wounded.
Nergalle hits you but does no damage.
The spectral orc knight hits you with a +0 war axe.
You hit Nergalle.
Nergalle is severely wounded.
Nergalle gestures at you while chanting.
The bolt of negative energy hits you!!!
You feel drained.
Ouch! That really hurt!
You focus on the pain.
You feel agile all of a sudden.
The spectral orc knight hits you but does no damage.
Nergalle casts a spell at you. The bolt of negative energy hits you!!
You feel drained.
You die...

#........#.......#
#........+.......#
#...##...#.......#
#.......#
#.......#
#.......#
#.......#
#.....Z†#
#......@#
#.....)o#
........#
........#
........#
........#
........#
.$......#


You could see Nergalle and a spectral orc knight.

Vanquished Creatures
  Harold (D:9)
  2 two-headed ogres (D:9)
  A manticore (D:9)
  2 ugly things (D:9)
  Maurice (D:8)
  Psyche (D:9)
  3 trolls (D:9)
  Prince Ribbit (D:8)
  A hornet (D:5)
  2 slime creatures (D:9)
  2 hippogriffs
  A yak (D:9)
  A wyvern (D:9)
  4 hogs (D:7)
  A human (D:7)
  A vampire mosquito (D:9)
  2 steam dragons (D:6)
  Grum (D:8)
  2 hungry ghosts
  An acid dragon (D:9)
  Edmund (D:5)
  2 black bears
  An ice beast (D:5)
  2 orc warriors
  A sky beast (D:9)
  A necrophage (D:9)
  4 phantoms
  An eye of draining (D:9)
  2 wolves (D:8)
  3 ogres
  6 centaurs
  A gnoll sergeant (D:9)
  5 bullfrogs
  A wyvern zombie (D:8)
  5 scorpions
  15 wights
  5 crimson imps
  2 centaur zombies
  8 hounds
  2 jellies
  3 orc priests
  2 bullfrog skeletons
  2 orc wizards
  An iguana (D:6)
  5 worker ants
  A howler monkey zombie (D:10)
  2 gnolls
  A howler monkey skeleton (D:7)
  A worker ant zombie (D:5)
  11 adders
  6 shadow imps
  An ooze (D:1)
  An adder zombie (D:6)
  An adder skeleton (D:4)
  A worm (D:2)
  2 dart slugs
  3 leopard geckos
  17 orcs
  7 giant cockroaches
  6 hobgoblins
  7 jackals
  9 kobolds
  5 quokkas
  4 bats
  4 frilled lizards
  11 goblins
  A jackal skeleton (D:5)
  A jackal zombie (D:6)
  6 rats
221 creatures vanquished.

Vanquished Creatures (others)
  A giant cockroach (D:4)
1 creature vanquished.

Grand Total: 222 creatures vanquished

Notes
Turn   | Place    | Note
-------+----------+-------------------------------------------
     0 | D:1      | Dfrag the Demonspawn Fire Elementalist began the quest for
                  | the Orb.
     0 | D:1      | Reached XP level 1. HP: 13/13 MP: 3/3
   376 | D:1      | Gained mutation: You are partially covered in iridescent
                  | scales. (AC +2) [demonic ancestry]
   376 | D:1      | Reached XP level 2. HP: 11/19 MP: 0/5
   859 | D:2      | Found an opulent altar of Gozag.
   877 | D:2      | Gained mutation: You sometimes gain a little power by
                  | taking damage. [demonic ancestry]
   877 | D:2      | Reached XP level 3. HP: 17/24 MP: 2/6
  1746 | D:3      | Gained mutation: You have a pair of small antennae on your
                  | head. [demonic ancestry]
  1746 | D:3      | Reached XP level 4. HP: 22/30 MP: 2/8
  1845 | D:3      | Found an ancient bone altar of Kikubaaqudgha.
  1903 | D:3      | Found a burning altar of Makhleb.
  1920 | D:3      | Became a worshipper of Makhleb the Destroyer
  2114 | D:3      | Reached XP level 5. HP: 28/35 MP: 6/9
  2244 | D:3      | Found a hazy altar of Hepliaklqana.
  2244 | D:3      | Found a radiant altar of Vehumet.
  2487 | D:4      | Learned a level 3 spell: Conjure Flame
  2492 | D:4      | Learned a level 4 spell: Sticky Flame
  2515 | D:4      | Noticed a phantom
  2534 | D:4      | Reached * piety under Makhleb
  2534 | D:4      | Gained mutation: You regenerate a little health from kills.
                  | [demonic ancestry]
  2534 | D:4      | Reached XP level 6. HP: 11/41 MP: 3/11
  2866 | D:4      | Found a white marble altar of Elyvilon.
  2913 | D:4      | Found a sparkling altar of Nemelex Xobeh.
  3261 | D:5      | Entered Level 5 of the Dungeon
  3321 | D:5      | Noticed an ice beast
  3326 | D:5      | Killed an ice beast
  3326 | D:5      | Gained mutation: You have a pair of antennae on your head.
                  | [demonic ancestry]
  3326 | D:5      | Reached XP level 7. HP: 46/46 MP: 8/13
  3467 | D:5      | Reached skill level 5 in Fire Magic
  3555 | D:5      | Noticed Edmund
  3570 | D:5      | Killed Edmund
  3660 | D:5      | Reached skill level 5 in Conjurations
  3845 | D:5      | Found a staircase to the Ecumenical Temple.
  3963 | D:6      | Reached skill level 5 in Spellcasting
  3971 | D:6      | Learned a level 5 spell: Fireball
  4146 | D:6      | Reached XP level 8. HP: 36/52 MP: 3/15
  4151 | D:6      | Found a shattered altar of Ashenzari.
  4206 | D:6      | Noticed a hornet
  4555 | D:5      | Killed a hornet
  5036 | D:6      | Found a shadowy altar of Dithmenos.
  5425 | D:6      | Found a shattered altar of Ashenzari.
  5508 | D:7      | Gained mutation: You sometimes gain power by taking damage.
                  | [demonic ancestry]
  5508 | D:7      | Reached XP level 9. HP: 42/57 MP: 0/18
  5793 | D:7      | Found a blossoming altar of Fedhas.
  5799 | D:7      | Found a stormy altar of Qazlal.
  5799 | D:7      | Found a runed translucent gate.
  5800 | D:7      | Found a runed translucent gate.
  5801 | D:7      | Found a runed translucent gate.
  5803 | D:7      | Noticed blexxed's ghost (novice DsFi)
  6083 | D:7      | Reached ** piety under Makhleb
  6430 | D:8      | Noticed Prince Ribbit
  6441 | D:8      | Killed Prince Ribbit
  6482 | D:8      | Noticed Maurice
  6515 | D:8      | Killed Maurice
  6614 | D:8      | Gained mutation: You are powered by pain. [demonic
                  | ancestry]
  6614 | D:8      | Reached XP level 10. HP: 59/63 MP: 15/21
  6674 | D:8      | Noticed Grum
  6681 | D:8      | Killed Grum
  6720 | D:8      | Found an iron altar of Okawaru.
  6784 | D:8      | Found a staircase to the Lair.
  7201 | D:9      | Found a hide-covered altar of Uskayaw.
  7224 | D:9      | Noticed Harold
  7229 | D:9      | Killed Harold
  7278 | D:9      | Noticed Psyche
  7286 | D:9      | Noticed a two-headed ogre
  7287 | D:9      | Killed Psyche
  7291 | D:9      | Noticed a two-headed ogre
  7381 | D:9      | Found a glowing silver altar of Zin.
  7381 | D:9      | Noticed an angel
  7383 | D:9      | Found a shimmering altar of Xom.
  7392 | D:9      | Reached *** piety under Makhleb
  7394 | D:9      | Noticed a white ugly thing
  7413 | D:9      | HP: 1/63 [white ugly thing (30)]
  7420 | D:9      | Killed a white ugly thing
  7741 | D:9      | Killed a two-headed ogre
  7755 | D:9      | Reached XP level 11. HP: 60/68 MP: 4/24
  8003 | D:9      | Reached skill level 10 in Conjurations
  8011 | D:9      | Killed a two-headed ogre
  8555 | D:9      | Reached skill level 10 in Fire Magic
  8709 | D:9      | Noticed a cyan ugly thing
  8724 | D:9      | Killed a cyan ugly thing
  8866 | D:9      | Found the +2 ratskin cloak {+Rats rPois rN+ Str-1 Int-1
                  | Dex+1}
  8905 | D:9      | Got a jewelled flail
  9107 | D:10     | Entered Level 10 of the Dungeon
  9173 | D:10     | Reached skill level 10 in Spellcasting
  9460 | D:10     | Reached **** piety under Makhleb
  9460 | D:10     | Noticed Nergalle
  9467 | D:10     | Killed from afar by Nergalle

Levels and vault maps discovered:
D:1:      dpeg_arrival_rooms_b, layout_rooms, serial_bayou_pond_c,
          kennysheep_boxes
D:2:      layout_basic, grunt_gozag_statues, cheibrodos_gnoll_hut
D:3:      layout_loops_cross, nicolae_overflow_hidden_temple,
          gammafunk_temple_overflow_elements, makhleb_heckhound_becter
D:4:      layout_basic, elyvilon_altar_4, lemuel_crystal_altar
D:5:      layout_gridville, minmay_temple_entry_enclosed_plants, first_ration,
          uniq_edmund
D:6:      cheibrodos_steamvent, layout_cave_pools,
          lemuel_coloured_pillars_altar, old_standard_altar, basic_altar
D:7:      layout_loops_cross, grunt_temple_overflow_forces_of_nature,
          ebering_ghost_rock_garden, grunt_livestock, kennysheep_generic_room_7
D:8:      layout_loops_cross, lair_entry_dummy, basic_altar,
          grunt_decor_one_mirror, uniq_grum, uniq_prince_ribbit1, uniq_maurice
D:9:      cheibrodos_fzero, layout_irregular_city,
          grunt_temple_overflow_order_and_chaos_1,
          eat_drink_and_be_merry_uskayaw, minmay_the_grid_2x2
          [minmay_the_grid_large_cup, minmay_the_grid_dragon_b,
          minmay_the_grid_paths, minmay_the_grid_prize_trominoes], uniq_psyche,
          uniq_harold
D:10:     layout_gridville, uniq_nergalle

Skill      XL: |  1  2  3  4  5  6  7  8  9 10 11 |
---------------+----------------------------------+-----
Fire Magic     | 3 4 5 6 8 9 10 | 10.3
Conjurations   | 2 3 4 5 6 8 9 10 | 10.8
Spellcasting   | 3 4 5 6 7 9 10 | 10.1
Dodging        | |  1.7
Stealth        | |  1.7

Action                   |  1- 3 |  4- 6 |  7- 9 | 10-12 || total
-------------------------+-------+-------+-------+-------++-------
Melee: Unarmed           |    24 |       |       |       ||    24
       Dagger            |    16 |    67 |    67 |       ||   150
       Short sword       |     2 |       |       |       ||     2
       Spear             |       |       |   104 |    34 ||   138
       Staff             |       |       |     8 |    50 ||    58
       Great sword       |       |       |       |    34 ||    34
 Cast: Flame Tongue      |    72 |    56 |    80 |    96 ||   304
       Sticky Flame      |       |     2 |    39 |    48 ||    89
       Fireball          |       |       |     6 |    25 ||    31
       Conjure Flame     |       |       |       |     1 ||     1
Evoke: Wand              |       |       |       |     2 ||     2
  Use: Scroll            |       |       |     6 |     2 ||     8
 Stab: Sleeping          |       |     1 |     1 |       ||     2
  Eat: Chunk             |     3 |     5 |    17 |    16 ||    41
Armor: Robe              |    17 |       |       |       ||    17
       Leather armour    |     8 |    40 |    64 |   106 ||   218
Dodge: Dodged            |    50 |    57 |   144 |   127 ||   378
       Rpst.: Great sword |       |       |       |     3 ||     3

Table legend:
 A = Non-vault XP
 B = Vault XP
 C = Vault XP percentage of total XP
 D = Non-vault monster count
 E = Vault monster count
 F = Vault count percentage of total count
                 A         B        C        D         E       F
            +---------+---------+-------+---------+---------+-------
      Total |    7685 |    9680 |  55.7 |     175 |      46 |  20.8
            +---------+---------+-------+---------+---------+-------
        D:1 |      28 |       0 |   0.0 |      15 |       0 |   0.0
        D:2 |      41 |      19 |  31.7 |      23 |       3 |  11.5
        D:3 |      82 |      42 |  33.9 |      20 |       1 |   4.8
        D:4 |     426 |       0 |   0.0 |      16 |       0 |   0.0
        D:5 |     800 |     158 |  16.5 |      14 |       1 |   6.7
        D:6 |     663 |     373 |  36.0 |      19 |       2 |   9.5
        D:7 |     810 |    1112 |  57.9 |      20 |       7 |  25.9
        D:8 |     951 |    1152 |  54.8 |      20 |       6 |  23.1
        D:9 |    2121 |    6824 |  76.3 |      10 |      26 |  72.2
       D:10 |    1763 |       0 |   0.0 |      18 |       0 |   0.0
            +---------+---------+-------+---------+---------+-------
